 Dungeon Crawl Stone Soup version 0.31-a0-115-g4708a659fe (webtiles) character file.

Game seed: 15950148906106188442

1638 Jeffwins the Chiller (level 8, -1/39 HPs)
             Began as a Vine Stalker Wanderer on May 29, 2023.
             Was an Initiate of Gozag.
             Slain by Maggie
             ... wielding a +1 heavy halberd
              (20 damage)
             ... on level 6 of the Dungeon.
             The game lasted 00:07:40 (5667 turns).

Jeffwins the Chiller (Vine Stalker Wanderer)        Turns: 5667, Time: 00:07:41

Health: -1/39      AC:  7    Str: 16    XL:     8   Next: 98%
Magic:  0/17       EV:  8    Int: 15    God:    Gozag
Gold:   251        SH:  0    Dex: 12    Spells: 15/18 levels left

rFire   . . .        p - +1 short sword (vamp)
rCold   . . .        (no shield)
rNeg    . . .        d - +0 leather armour
rPois   .            b - +0 helmet
rElec   .            C - +0 cloak
rCorr   .            l - +0 pair of gloves
SInv    .            q - +0 pair of boots
Will    +....        z - amulet of magic regeneration
Stlth   +++          Z - ring of wizardry
HPRegen 1.06/turn    (no ring)
MPRegen 0.55/turn

%: guardian spirit, wizardry (x1)
@: grasped by roots, constricted
A: fangs 3, regeneration 1, magic shield, antimagic bite, no potion heal 2
a: Renounce Religion, Potion Petition, Call Merchant, Bribe Branch


You were on level 6 of the Dungeon.
You worshipped Gozag.
Gozag was aware of your devotion.
You visited 2 branches of the dungeon, and saw 7 of its levels.

You collected 360 gold pieces.
You paid 109 gold pieces to Gozag.


Innate Abilities, Weirdness & Mutations

You have razor-sharp teeth.
Your natural rate of healing is unusually fast.
When hurt, damage is shared between your health and your magic reserves.
Your bite disrupts and absorbs the magic of your enemies.
Potions cannot restore your health.


   Skills:
 + Level 2.5 Fighting
 * Level 4.2 Short Blades
 - Level 1.0 Throwing
 - Level 1.5 Dodging
 + Level 5.1 Stealth
 * Level 5.5 Spellcasting
 * Level 4.6 Hexes
 * Level 5.8 Ice Magic


You had 15 spell levels left.
You knew the following spells:

 Your Spells              Type           Power      Damage    Failure   Level
x - Ensorcelled Hibernat  Hex/Ice        38%        N/A       1%          2
z - Freeze                Ice            84%        1d9       1%          1

Your spell library contained the following spells:

 Spells                   Type           Power      Damage    Failure   Level
 Ozocubu's Armour         Ice            21%        N/A       1%          3
 Apportation              Tloc           8%         N/A       8%          1
 Necrotise                Necr           16%        1d4       8%          1
 Summon Small Mammal      Summ           16%        N/A       8%          1
 Summon Guardian Golem    Hex/Summ       11%        N/A       9%          3
 Call Canine Familiar     Summ           4%         N/A       22%         3

Inventory:

Hand Weapons
 a - a +0 dagger
 p - a +1 vampiric short sword (weapon)
Missiles
 t - 14 poisoned darts
Armour
 b - a +0 helmet (worn)
 d - a +0 leather armour (worn)
 l - a +0 pair of gloves (worn)
 q - a +0 pair of boots (worn)
 C - a +0 cloak (worn)
Magical Staves
 F - a staff of death
Jewellery
 w - an amulet of the acrobat
 z - an amulet of magic regeneration (around neck)
 Z - a ring of wizardry (left hand)
Scrolls
 c - 2 scrolls of blinking
 e - 2 scrolls of fog
 g - 2 scrolls of identify {unknown}
 i - a scroll of enchant weapon {unknown}
 j - a scroll of magic mapping {unknown}
 m - a scroll of brand weapon {unknown}
 o - a scroll of silence {unknown}
 r - a scroll of poison {unknown}
 s - 3 scrolls of noise {unknown}
 u - a scroll of immolation {unknown}
 v - 2 scrolls of enchant armour {unknown}
 y - a scroll of vulnerability {unknown}
 A - 4 scrolls of teleportation {@r4}
 D - a scroll of fear {unknown}
 G - a scroll of summoning {unknown}
Potions
 f - a potion of invisibility {unknown}
 h - 2 potions of berserk rage {unknown}
 k - 4 potions of haste {unknown}
 n - 2 potions of mutation {unknown}
 x - 3 potions of curing {unknown}
 B - 2 potions of heal wounds {unknown}
 E - a potion of lignification {unknown}

Dungeon Overview and Level Annotations

Branches:
Dungeon (6/15)             Temple (1/1) D:5

Altars:
Ashenzari
Cheibriados
Dithmenos
Fedhas
Gozag
Hepliaklqana
Kikubaaqudgha
Makhleb
Nemelex Xobeh
Okawaru
Qazlal
Ru
Trog
Uskayaw
Wu Jian
Xom
Zin
The Shining One

Annotations:
D:6 Maggie

### #.. #.# #.#
#######.## #....@@..#
#.#####..# # ##.#####..#
#.##### ..........#
#.....####
#..######.#####.##......
............#).....###
#######.###.#......)..
........# #.##.....###
######### #...........


You could see Maggie (magic disrupted).


Message History

Maggie falters for a moment.
The grasping roots constrict you.
Casting: Freeze (safe; 1% risk of failure)
Confirm with . or Enter, or press ? or * to list all spells.
Aiming: Freeze (safe; 1% risk of failure)
Press: ? - help, Shift-Dir - straight line, f/p - Maggie
Aim: Maggie, wielding a +1 heavy halberd, wearing +0 steam dragon scales and carrying a wand of roots (8) (moderately wounded, magic disrupted)
You freeze Maggie!
Maggie is heavily wounded.
Maggie hits you with a +1 heavy halberd!
The grasping roots constrict you.
* * * LOW HITPOINT WARNING * * *
Casting: Freeze (safe; 1% risk of failure)
Confirm with . or Enter, or press ? or * to list all spells.
Aiming: Freeze (safe; 1% risk of failure)
Press: ? - help, Shift-Dir - straight line, f/p - Maggie
Aim: Maggie, wielding a +1 heavy halberd, wearing +0 steam dragon scales and carrying a wand of roots (8) (heavily wounded, magic disrupted)
You freeze Maggie.
Maggie is heavily wounded.
Maggie hits you but does no damage. The grasping roots constrict you!
* * * LOW HITPOINT WARNING * * *
You hit Maggie.
You feel better.
You bite Maggie.
Maggie's magic leaks into the air.
You drain her magic.
You feel invigorated.
Maggie is severely wounded.
Unknown command.
You hit Maggie but do no damage. You bite Maggie, but do no damage.
Maggie is severely wounded.
Maggie hits you with a +1 heavy halberd!!
Ouch! That really hurt!
You die...
Your body crumbles into a pile of gold.

Skill      XL: |  1  2  3  4  5  6  7  8 |
---------------+-------------------------+-----
Stealth        | 3 4 5 |  5.1
Short Blades   | 1 2 3 4 |  4.2
Spellcasting   | 3 4 5 |  5.5
Hexes          | 1 2 3 4 |  4.6
Ice Magic      | 4 5 |  5.8
Fighting       | 1 2 |  2.5
Throwing       | |  1.0
Dodging        | |  1.5

Action                     |  1- 3 |  4- 6 |  7- 9 || total
---------------------------+-------+-------+-------++-------
  Melee: Club              |    52 |       |       ||    52
         Bite              |    21 |    58 |    48 ||   127
         Dagger            |    17 |       |       ||    17
         Punch             |     1 |     4 |     2 ||     7
         Short sword       |    21 |   228 |   163 ||   412
   Cast: Freeze            |    24 |    45 |    32 ||   101
         Ensorcelled Hiber |       |     8 |     6 ||    14
    Use: Potion            |       |       |     2 ||     2
         Scroll            |       |       |     1 ||     1
   Stab: Sleeping          |     5 |     7 |     6 ||    18
 Armour: Leather armour    |    55 |    76 |    79 ||   210
  Dodge: Dodged            |    77 |   121 |   116 ||   314

Levels and vault maps discovered:
D:1:      dpeg_arrival_castle, layout_basic
D:2:      layout_basic, basic_altar
D:3:      minmay_general_purpose_star, layout_loops_ring
D:4:      layout_cave_pods
D:5:      layout_basic, amcnicky_altar_gilded, old_standard_altar,
          lemuel_temple_firewalk_b, uniq_sigmund
D:6:      layout_basic, lemuel_doored_altar, uniq_maggie
Temple:   hellmonk_temple_two_chambers

Notes
Turn   | Place    | Note
-------+----------+-------------------------------------------
     0 | D:1      | Jeffwins the Vine Stalker Wanderer began the quest for the
                  | Orb.
     0 | D:1      | Jeffwins set off with the following items: a +0 club, a +0
                  | helmet, a scroll of blinking, a +0 leather armour, a scroll
                  | of fog; and the following spell memorised: Freeze; and the
                  | following spells available to memorise: Ensorcelled
                  | Hibernation, Ozocubu's Armour.
     0 | D:1      | Reached XP level 1. HP: 9/9 MP: 4/4
   159 | D:1      | Reached XP level 2. HP: 13/13 MP: 0/6
   520 | D:1      | Learned a level 2 spell: Ensorcelled Hibernation
   553 | D:1      | Reached XP level 3. HP: 13/16 MP: 1/8
   920 | D:2      | Reached skill level 3 in Stealth
   963 | D:2      | HP: 1/16 [poisoned by an adder]
  1275 | D:2      | Reached skill level 1 in Short Blades
  1275 | D:2      | Reached skill level 3 in Spellcasting
  1275 | D:2      | Gained mutation: Your natural rate of healing is unusually
                  | fast. [Vine Stalker growth]
  1275 | D:2      | Reached XP level 4. HP: 20/21 MP: 4/9
  1551 | D:2      | Found a burning altar of Makhleb.
  1591 | D:2      | Reached skill level 1 in Hexes
  2250 | D:2      | Reached XP level 5. HP: 24/24 MP: 5/10
  3248 | D:4      | Noticed a phantom
  3291 | D:4      | Killed a phantom
  3292 | D:4      | Reached skill level 2 in Hexes
  3292 | D:4      | Reached skill level 4 in Ice Magic
  3292 | D:4      | Reached XP level 6. HP: 29/29 MP: 12/12
  3372 | D:4      | Reached skill level 2 in Short Blades
  3945 | D:5      | Entered Level 5 of the Dungeon
  3945 | D:5      | Noticed an ice beast
  3974 | D:5      | Reached skill level 4 in Spellcasting
  3977 | D:5      | Reached skill level 1 in Fighting
  4033 | D:5      | Found a broken altar of Ashenzari.
  4036 | D:5      | Noticed Sigmund
  4050 | D:5      | Killed Sigmund
  4051 | D:5      | Reached skill level 4 in Stealth
  4051 | D:5      | Reached XP level 7. HP: 33/33 MP: 7/14
  4105 | D:5      | Reached skill level 3 in Hexes
  4156 | D:5      | Identified a potion of resistance
  4189 | D:5      | Reached skill level 3 in Short Blades
  4424 | D:5      | Found a hazy altar of Hepliaklqana.
  4437 | D:5      | Reached skill level 5 in Ice Magic
  4437 | D:5      | Gained mutation: You have razor-sharp teeth. [Vine Stalker
                  | growth]
  4437 | D:5      | Reached XP level 8. HP: 38/38 MP: 14/16
  4557 | D:5      | Found a staircase to the Ecumenical Temple.
  4673 | Temple   | Entered the Ecumenical Temple
  4749 | D:6      | Reached skill level 2 in Fighting
  4782 | D:6      | Reached skill level 5 in Spellcasting
  4915 | D:6      | Reached skill level 4 in Hexes
  5189 | D:6      | Reached skill level 4 in Short Blades
  5189 | D:6      | Reached skill level 5 in Stealth
  5308 | D:6      | Found an opulent altar of Gozag.
  5477 | D:6      | Became a worshipper of Gozag Ym Sagoz the Greedy
  5658 | D:6      | Noticed Maggie
  5667 | D:6      | Slain by Maggie

Vanquished Creatures
  Sigmund (D:5)
  A steam dragon (D:6)
  An orc warrior (D:5)
  A sky beast (D:6)
  2 black bears
  2 ice beasts
  An ogre (D:5)
  A phantom (D:4)
  2 scorpions
  4 hounds (D:6)
  An orc priest (D:6)
  A jelly (D:5)
  A sleepcap (D:5)
  2 orc wizards
  2 iguanas
  5 adders
  7 gnolls
  A shadow imp (D:5)
  An ufetubus (D:5)
  2 worms (D:2)
  2 dart slugs
  19 orcs
  4 bats (D:1)
  8 endoplasms
  4 giant cockroaches
  3 hobgoblins
  5 jackals
  A quokka (D:4)
  7 ball pythons
  7 frilled lizards
  15 goblins
  8 kobolds
  A rat (D:3)
123 creatures vanquished.

Table legend: (Time is in decaauts)
 A = Elapsed time spent in this place.
 B = Non-inter-level travel time spent in this place.
 C = Inter-level travel time spent in this place.
 D = Time resting spent in this place.
 E = Time spent auto-exploring this place.
 F = Levels seen in this place.
 G = Mean time per level.
                   A        B        C        D        E       F      G
               +--------+--------+--------+--------+--------+-----+--------+
         Total |   5641 |   5337 |    304 |    275 |   3928 |   7 |  805.9 |
       Dungeon |   5623 |   5323 |    300 |    275 |   3918 |   6 |  937.2 |
        Temple |     17 |     13 |      4 |      0 |     10 |   1 |   17.0 |
               +--------+--------+--------+--------+--------+-----+--------+

Top non-repeatable levels by time:
     D:2: 1391 daAuts
     D:1: 913 daAuts
     D:3: 894 daAuts
     D:6: 843 daAuts
     D:5: 818 daAuts
     D:4: 763 daAuts
  Temple: 17 daAuts

Table legend:
 A = Non-vault XP
 B = Vault XP
 C = Vault XP percentage of total XP
 D = Non-vault monster count
 E = Vault monster count
 F = Vault count percentage of total count
                 A         B        C        D         E       F
            +---------+---------+-------+---------+---------+-------
      Total |    2113 |     227 |   9.7 |     116 |       7 |   5.7
            +---------+---------+-------+---------+---------+-------
        D:1 |      47 |       0 |   0.0 |      27 |       0 |   0.0
        D:2 |     132 |       0 |   0.0 |      23 |       0 |   0.0
        D:3 |      39 |      13 |  25.0 |      15 |       6 |  28.6
        D:4 |     281 |       0 |   0.0 |      15 |       0 |   0.0
        D:5 |     789 |     214 |  21.3 |      20 |       1 |   4.8
        D:6 |     825 |       0 |   0.0 |      16 |       0 |   0.0
            +---------+---------+-------+---------+---------+-------
